 Dungeon Crawl Stone Soup version 0.24-a0-317-g5cb8de4 (webtiles) character file.

Game seed: 1875660643927852476

8317 mhoghedin the Charlatan (level 10, 0/84 HPs)
             Began as a Demigod Assassin on May 16, 2019.
             Slain by a death yak (18 damage)
             ... on level 9 of the Dungeon.
             The game lasted 00:19:25 (8913 turns).

mhoghedin the Charlatan (Demigod Assassin)          Turns: 8913, Time: 00:19:26

Health: 0/84       AC: 11    Str: 26    XL:     10   Next: 81%
Magic:  18/18      EV: 12    Int: 15    God:
Gold:   356        SH: 14    Dex: 17    Spells: 7/9 levels left

rFire    . . .     SeeInvis .   E - +2 whip (elec)
rCold    . . .     Gourm    .   q - +3 shield
rNeg     . . .     Faith    .   m - +0 scale mail
rPois    .         Spirit   .   z - +1 hat
rElec    .         Reflect  .   c - +0 cloak
rCorr    .         Harm     .   (no gloves)
MR       +....                  (no boots)
Stlth    +.........             y - amulet of rage {+Rage, !d}
HPRegen  0.24/turn              g - +6 ring of strength
MPRegen  0.16/turn              u - +2 ring of protection (curse)

@: hasted, very quick
A: high mp 1
a: Evoke Berserk Rage


You were on level 9 of the Dungeon.
You were not hungry.

You visited 1 branch of the dungeon, and saw 9 of its levels.
You also visited: Ossuary.

You collected 356 gold pieces.

Inventory:

Hand Weapons
 E - a +2 whip of electrocution (weapon)
   (You took it off Pikel on level 7 of the Dungeon)
Missiles
 d - 24 poisoned darts
 i - 2 throwing nets {=f, !d}
 j - 4 boomerangs
 l - a curare-tipped dart (quivered)
Armour
 c - a +0 cloak (worn)
 m - a +0 scale mail (worn)
   (You found it on level 3 of the Dungeon)
 q - a +3 shield (worn)
   (You found it on level 2 of the Dungeon)
 z - a +1 hat (worn)
   (You found it on level 7 of the Dungeon)
Jewellery
 e - an uncursed ring of protection from fire {rF+, !d}
   (You found it on level 4 of the Dungeon)
 g - a +6 ring of strength (left hand)
   (You found it on level 1 of the Dungeon)
 u - a cursed +2 ring of protection (right hand)
   (You found it on level 5 of the Dungeon)
 y - an amulet of rage (around neck) {+Rage, !d}
   (You found it on level 6 of the Dungeon)
 B - a cursed ring of see invisible {unknown}
   (You found it on level 8 of the Dungeon)
 F - a +6 ring of strength
   (You took it off an orc on level 8 of the Dungeon)
Wands
 A - a wand of iceblast (14)
   (You found it on level 8 of the Dungeon)
 C - a wand of scattershot (1)
   (You found it on level 8 of the Dungeon)
 D - a wand of acid (5)
   (You took it off an orc on level 8 of the Dungeon)
Scrolls
 k - 3 scrolls of blinking {!r}
 o - 2 scrolls of fear
 p - 3 scrolls of identify
 s - 2 scrolls of immolation {!r}
 x - 4 scrolls of remove curse
Potions
 b - 2 potions of flight
 n - a potion of curing
 r - a potion of agility
 t - a potion of magic
Comestibles
 a - 2 chunks of flesh {@w0}
 f - 17 rations


   Skills:
 + Level 6.6 Fighting
   Level 2.7 Short Blades
 + Level 5.9 Maces & Flails
 - Level 3.9 Throwing
 + Level 5.1 Armour
 + Level 6.2 Dodging
 - Level 3.7 Stealth
 + Level 6.1 Shields
 - Level 6.7 Evocations


You had 7 spell levels left.
You knew the following spells:

 Your Spells              Type           Power        Failure   Level  Hunger
b - Blink                 Tloc           N/A          95%         2    ###....

Your spell library contained the following spells:

 Spells                   Type           Power        Failure   Level  Hunger
 Corona                   Hex            #......      88%         1    ##.....
 Magic Dart               Conj           #...         88%         1    ##.....
 Summon Small Mammal      Summ           #...         88%         1    ##.....
 Call Imp                 Summ           #.......     95%         2    ###....
 Ensorcelled Hibernation  Hex/Ice        #.....       95%         2    ###....
 Slow                     Hex            #.......     95%         2    ###....
 Call Canine Familiar     Summ           #.......     99%         3    ####...
 Confuse                  Hex            #.......     99%         3    ####...
 Conjure Flame            Conj/Fire      #.......     99%         3    ####...
 Dazzling Spray           Conj/Hex       #.....       99%         3    ####...
 Mephitic Cloud           Conj/Pois/Air  #.......     99%         3    ####...
 Summon Guardian Golem    Hex/Summ       #.......     99%         3    ####...
 Tukima's Dance           Hex            #.......     99%         3    ####...
 Summon Ice Beast         Ice/Summ       #.......     100%        4    #####..
 Summon Lightning Spire   Summ/Air       #.......     100%        4    #####..


Dungeon Overview and Level Annotations

Branches:
Dungeon (9/15)             Temple (0/1) D:6            Lair (0/6) D:9
    Orc: D:9-12

Annotations:
D:5 3 runed translucent doors, Lanoc's ghost, novice FoFi


Innate Abilities, Weirdness & Mutations

You have an increased reservoir of magic. (+10% MP)


Message History

The death yak bellows!
The death yak misses you.
Throwing (i - inventory. (/) - cycle)
l - 2 curare-tipped darts (quivered)
Aim: a death yak You throw a curare-tipped dart.
The curare-tipped dart hits the death yak.
The death yak is poisoned.
The death yak convulses.
The death yak seems to slow down.
You block the death yak's attack.
You hit the death yak but do no damage. The death yak barely misses you.
You feel yourself speed up.
It was a potion of cancellation.
Your magical effects are unravelling.
You feel magically purged.
You feel yourself slow down. The death yak gores you!
You take 14 damage, and have 28/84 hp.
Unknown command.
You feel yourself speed up.
It was a potion of ambrosia.
You are confused.
You feel invigorated.
The death yak gores you but does no damage.
You regained 3 hp, and now have 32/84 hp.
Unknown command.
You regained 3 hp, and now have 35/84 hp.
You bump into the rock wall.
You regained 2 hp, and now have 37/84 hp.
You hit the death yak.
Lightning courses through the death yak!!
You regained 3 hp, and now have 40/84 hp.
You regained 4 hp, and now have 44/84 hp.
You bump into the rock wall.
You regained 2 hp, and now have 46/84 hp.
Your shield and scale mail prevent you from hitting the death yak.
The death yak gores you!
You take 11 damage, and have 35/84 hp.
You regained 3 hp, and now have 38/84 hp.
You bump into the rock wall.
You regained 2 hp, and now have 40/84 hp.
You bump into the rock wall.
You regained 2 hp, and now have 42/84 hp.
You bump into the rock wall.
The death yak gores you!
You take 7 damage, and have 35/84 hp.
You bump into the rock wall.
The death yak is no longer moving slowly.
You regained 4 hp, and now have 39/84 hp.
You regained 2 hp, and now have 41/84 hp.
You bump into the rock wall.
You feel less invigorated.
You feel less confused. You block the death yak's attack.
You regained 3 hp, and now have 44/84 hp.
You barely miss the death yak. You hit the death yak. The death yak gores you.
You take 5 damage, and have 39/84 hp.
You hit the death yak but do no damage. You barely miss the death yak.
The death yak closely misses you.
You barely miss the death yak.
The death yak gores you but does no damage.
You hit the death yak but do no damage. You hit the death yak.
The death yak gores you!
You take 9 damage, and have 31/84 hp.
You hit the death yak but do no damage.
Lightning courses through the death yak!!
The death yak gores you but does no damage.
You hit the death yak. You hit the death yak.
Lightning courses through the death yak!
You kill the death yak!
Aim: a death yak The bolt of acid hits the death yak!
The death yak is splashed with acid.
The bolt of acid hits the gnoll!
The gnoll is splashed with acid.
The acid corrodes the gnoll!
You kill the gnoll!
Aim: a death yak (moderately wounded)
The bolt of acid hits the death yak!!
The death yak is splashed with acid.
The bolt of acid hits the death yak!!
The death yak is splashed with acid.
The acid corrodes the death yak!
The death yak barely misses you.
Aim: a death yak (heavily wounded)
The bolt of acid hits the death yak!
The death yak is splashed with acid.
The bolt of acid hits the death yak!
The death yak is splashed with acid.
The death yak misses you.
Aim: a death yak (severely wounded)
The burst of metal fragments hits the death yak but does no damage. x2
The burst of metal fragments hits the death yak.
The burst of metal fragments hits the death yak but does no damage. x3
The burst of metal fragments hits the death yak.
The burst of metal fragments hits the death yak but does no damage. x2
Aim: a death yak (severely wounded)
The bolt of acid misses the death yak.
The bolt of acid hits the death yak!
The death yak is splashed with acid.
The death yak seems to be corroded for longer.
The bolt of acid hits the gnoll!
The gnoll is splashed with acid.
The acid corrodes the gnoll!
You kill the gnoll!
The death yak gores you!!
* * * LOW HITPOINT WARNING * * *
You take 19 damage, and have 13/84 hp.
MASSIVE DAMAGE!!
You feel better. The death yak gores you!!
You die...

#..############.........#
#######.................#......
................. ......?......
................# #....>....
###############.# #..#...$..
#.# ##..#.....
###############.# #gg.#....
(..)............######hYY.....
..[)............@YYhg#.gg.....
........#############(##.#./..
#######.# ### ##.... #.# ###
#.# #.# #.# #.# #.#


You could see 2 death yaks, a black bear and a gnoll.

Vanquished Creatures
  2 two-headed ogres
  A death yak (D:9)
  Pikel (D:7)
  A troll (D:8)
  Grinder (D:3)
  Prince Ribbit (D:8)
  Sigmund (D:3)
  A shadow (D:8)
  4 hogs (D:7)
  A human (D:7)
  Grum (D:8)
  An orc warrior (D:7)
  An ice beast (D:6)
  A slave (D:7)
  2 black bears
  4 phantoms
  3 wolves (D:8)
  6 ogres
  A centaur (D:5)
  A crocodile (D:7)
  2 big kobolds (D:8)
  Blork the orc (D:4)
  4 bullfrogs
  A gnoll sergeant (D:9)
  A water moccasin zombie (D:8)
  3 scorpions
  5 killer bees (D:8)
  3 howler monkeys
  2 crimson imps
  4 centaur zombies (Ossuary)
  A bullfrog zombie (D:8)
  Crazy Yiuf (D:7)
  3 orc priests
  A jelly (D:6)
  7 orc wizards
  3 bullfrog skeletons
  Terence (D:2)
  Jessica (D:2)
  Natasha (thrice) (D:3)
  3 iguanas
  12 worker ants
  2 big kobold zombies (Ossuary)
  A hound zombie (D:4)
  A hound skeleton (D:9)
  5 mummies (Ossuary)
  A worker ant zombie (D:8)
  13 gnolls
  12 adders
  2 shadow imps (D:5)
  2 adder zombies
  A worm (D:4)
  4 leopard geckos
  20 orcs
  2 ball pythons
  6 bats
  11 giant cockroaches
  2 goblins (D:3)
  4 hobgoblins
  17 jackals
  7 quokkas
  A frilled lizard (D:3)
  2 gnoll zombies (D:5)
  5 hobgoblin zombies (Ossuary)
  15 kobolds
  2 quokka skeletons
  3 rats
238 creatures vanquished.

Vanquished Creatures (others)
  A plant (D:4)
1 creature vanquished.

Grand Total: 239 creatures vanquished

Notes
Turn   | Place    | Note
-------+----------+-------------------------------------------
     0 | D:1      | mhoghedin the Demigod Assassin began the quest for the Orb.
     0 | D:1      | Reached XP level 1. HP: 17/17 MP: 3/3
   341 | D:1      | Reached skill level 1 in Dodging
   894 | D:2      | Reached skill level 2 in Fighting
   894 | D:2      | Reached XP level 2. HP: 21/24 MP: 4/4
   897 | D:2      | Reached skill level 2 in Short Blades
   897 | D:2      | Reached skill level 2 in Throwing
  1060 | D:2      | Reached XP level 3. HP: 14/29 MP: 5/5
  1080 | D:2      | Reached skill level 1 in Shields
  1080 | D:2      | Reached XP level 4. HP: 15/37 MP: 6/6
  1337 | D:2      | Found a bloodstained altar of Trog.
  1406 | D:2      | Noticed Jessica
  1409 | D:2      | Killed Jessica
  1409 | D:2      | Reached skill level 2 in Dodging
  1658 | D:2      | Noticed Terence
  1670 | D:2      | Killed Terence
  1670 | D:2      | Reached XP level 5. HP: 30/42 MP: 7/7
  1770 | D:3      | Noticed Sigmund
  1786 | D:3      | Killed Sigmund
  1786 | D:3      | Reached skill level 3 in Fighting
  1786 | D:3      | Reached skill level 1 in Maces & Flails
  1786 | D:3      | Reached skill level 3 in Throwing
  1786 | D:3      | Reached skill level 2 in Shields
  1786 | D:3      | Reached XP level 6. HP: 47/51 MP: 8/8
  1936 | D:3      | Noticed Natasha
  1959 | D:3      | Killed Natasha
  1995 | D:3      | Noticed Natasha
  2001 | D:3      | Killed Natasha
  2140 | D:3      | Noticed Natasha
  2145 | D:3      | Killed Natasha
  2146 | D:3      | Noticed Grinder
  2156 | D:3      | Paralysed by Grinder for 7 turns
  2169 | D:3      | Killed Grinder
  2169 | D:3      | Reached skill level 2 in Maces & Flails
  2169 | D:3      | Reached skill level 3 in Dodging
  2169 | D:3      | Reached XP level 7. HP: 40/57 MP: 9/9
  2624 | D:4      | Reached skill level 3 in Shields
  2992 | D:4      | Reached skill level 4 in Fighting
  3052 | D:4      | Reached skill level 1 in Armour
  3187 | D:4      | HP: 10/59 [orc wizard/magic dart (7)]
  3474 | D:4      | Noticed Blork the orc
  3486 | D:4      | Killed Blork the orc
  3781 | D:4      | Reached skill level 3 in Maces & Flails
  3781 | D:4      | Reached XP level 8. HP: 41/66 MP: 10/10
  3931 | D:4      | Found a shattered altar of Ashenzari.
  3931 | D:4      | Found a sparkling altar of Nemelex Xobeh.
  3932 | D:4      | Found a deep blue altar of Sif Muna.
  3969 | D:5      | Entered Level 5 of the Dungeon
  4006 | D:5      | Found a runed translucent gate.
  4006 | D:5      | Found a runed translucent gate.
  4006 | D:5      | Found a runed translucent gate.
  4018 | D:5      | Noticed Lanoc's ghost (novice FoFi)
  4362 | D:5      | Reached skill level 2 in Armour
  4362 | D:5      | Reached skill level 4 in Dodging
  4557 | D:5      | Found a basalt altar of Yredelemnul.
  4604 | D:5      | Reached skill level 4 in Shields
  4782 | D:6      | Reached skill level 5 in Fighting
  4782 | D:6      | Reached skill level 4 in Maces & Flails
  4839 | D:6      | Reached skill level 1 in Evocations
  5003 | D:6      | Found a staircase to the Ecumenical Temple.
  5038 | D:6      | Reached skill level 2 in Evocations
  5227 | D:6      | Reached skill level 3 in Evocations
  5587 | D:7      | Reached XP level 9. HP: 65/74 MP: 14/14
  5712 | D:7      | Reached skill level 4 in Evocations
  5715 | D:7      | HP: 20/111 [crocodile (12)]
  5895 | D:7      | Noticed a +0 hand axe
  5895 | D:7      | Noticed a +0 dagger
  5899 | D:7      | Found a hide-covered altar of Uskayaw.
  5906 | D:7      | Learned a level 2 spell: Blink
  5979 | D:7      | Found a runed translucent door.
  5980 | D:7      | Noticed Crazy Yiuf
  6060 | D:7      | Killed Crazy Yiuf
  6149 | D:7      | Reached skill level 5 in Evocations
  6162 | D:7      | Reached skill level 6 in Evocations
  6305 | D:8      | Found a sand-covered staircase.
  6314 | Ossuary  | Entered an ossuary
  6328 | Ossuary  | Reached skill level 3 in Armour
  6630 | D:8      | Noticed Grum
  6657 | D:8      | Killed Grum
  6663 | D:8      | Noticed a two-headed ogre
  6666 | D:8      | Noticed Pikel
  6737 | D:8      | Killed a two-headed ogre
  6737 | D:8      | Reached skill level 5 in Dodging
  6737 | D:8      | Reached skill level 5 in Shields
  6737 | D:8      | Reached XP level 10. HP: 42/81 MP: 18/18
  6980 | D:7      | Killed Pikel
  6980 | D:7      | Reached skill level 4 in Armour
  7194 | D:8      | Reached skill level 5 in Maces & Flails
  7785 | D:8      | Reached skill level 6 in Fighting
  7837 | D:8      | Noticed Prince Ribbit
  7847 | D:8      | Killed Prince Ribbit
  8519 | D:9      | Noticed a death yak
  8519 | D:9      | Noticed a death yak
  8789 | D:9      | Reached skill level 6 in Dodging
  8850 | D:9      | Found a staircase to the Lair.
  8852 | D:9      | Noticed a two-headed ogre
  8865 | D:9      | Killed a two-headed ogre
  8865 | D:9      | Reached skill level 6 in Shields
  8875 | D:9      | Reached skill level 5 in Armour
  8876 | D:9      | Noticed a death yak
  8907 | D:9      | Killed a death yak
  8912 | D:9      | HP: 13/84 [death yak (19)]
  8913 | D:9      | Slain by a death yak

Levels and vault maps discovered:
D:1:      giann_wishing_wells, layout_loops_corners
D:2:      layout_loops_ring, lemuel_coloured_pillars_altar, uniq_terence,
          uniq_jessica
D:3:      minmay_roachtagon, layout_loops_ring, uniq_natasha, uniq_grinder,
          uniq_sigmund
D:4:      layout_cave_pools, gammafunk_temple_overflow_claw, first_ration,
          corner_web_ring, grunt_ministairs_15, guppyfry_early_lair_pool,
          uniq_blork_the_orc
D:5:      layout_rooms, lemuel_zombie_altar_yredelemnul, gammafunk_ghost_icy,
          st_stairs_11
D:6:      layout_loops_ring, minmay_temple_entry_offerings
D:7:      layout_rooms, dancing_weapons_uskayaw, grunt_livestock,
          uniq_crazy_yiuf_cottage
D:8:      layout_cave_pods, nicolae_ossuary_entry_monument, uniq_prince_ribbit1,
          uniq_pikel, uniq_grum
D:9:      layout_long_grid, dpeg_lair_monsters, grunt_ministairs_2

Skill      XL: |  1  2  3  4  5  6  7  8  9 10 |
---------------+-------------------------------+-----
Dodging        | 1 2 3 4 5 6 |  6.2
Fighting       | 2 3 4 5 6 |  6.6
Short Blades   | 2 |  2.7
Throwing       | 2 3 |  3.9
Shields        | 1 2 3 4 5 6 |  6.1
Maces & Flails | 1 2 3 4 5 |  5.9
Armour         | 1 2 3 5 |  5.1
Evocations     | 3 6 |  6.7
Stealth        | |  3.7

Action                   |  1- 3 |  4- 6 |  7- 9 | 10-12 || total
-------------------------+-------+-------+-------+-------++-------
Melee: Dagger            |    79 |    18 |       |       ||    97
       Flail             |       |    80 |   590 |    24 ||   694
       Whip              |       |       |       |   273 ||   273
Throw: Dart              |    10 |     9 |       |     5 ||    24
 Abil: Evoke Berserk Rag |       |       |     3 |       ||     3
Evoke: Wand              |       |       |     3 |     6 ||     9
  Use: Potion            |     1 |     6 |     6 |     5 ||    18
       Scroll            |       |       |    14 |     2 ||    16
 Stab: Sleeping          |     4 |     3 |     2 |       ||     9
       Distracted        |       |     1 |       |     2 ||     3
  Eat: Chunk             |       |     4 |    10 |       ||    14
       Ration            |       |       |     3 |     2 ||     5
Armor: Robe              |    17 |    32 |    19 |       ||    68
       Scale mail        |       |       |   284 |    76 ||   360
Dodge: Dodged            |    44 |    28 |   372 |   105 ||   549
Block: Shield            |    11 |    60 |   532 |   192 ||   795

Table legend:
 A = Non-vault XP
 B = Vault XP
 C = Vault XP percentage of total XP
 D = Non-vault monster count
 E = Vault monster count
 F = Vault count percentage of total count
                 A         B        C        D         E       F
            +---------+---------+-------+---------+---------+-------
      Total |    7110 |    4772 |  40.2 |     184 |      53 |  22.4
            +---------+---------+-------+---------+---------+-------
        D:1 |      13 |       0 |   0.0 |       8 |       0 |   0.0
        D:2 |     151 |      75 |  33.2 |      20 |       2 |   9.1
        D:3 |     223 |     560 |  71.5 |      26 |      11 |  29.7
        D:4 |     549 |     148 |  21.2 |      22 |       5 |  18.5
        D:5 |     555 |      48 |   8.0 |      22 |       4 |  15.4
        D:6 |     888 |       0 |   0.0 |      20 |       0 |   0.0
        D:7 |     499 |    1637 |  76.6 |       9 |       7 |  43.8
        D:8 |    2607 |    1083 |  29.3 |      41 |       7 |  14.6
        D:9 |    1625 |     880 |  35.1 |      16 |       1 |   5.9
    Ossuary |       0 |     341 | 100.0 |       0 |      16 | 100.0
            +---------+---------+-------+---------+---------+-------

Levels and vault maps discovered:
D:1:      giann_wishing_wells, layout_loops_corners
D:2:      layout_loops_ring, lemuel_coloured_pillars_altar, uniq_terence,
          uniq_jessica
D:3:      minmay_roachtagon, layout_loops_ring, uniq_natasha, uniq_grinder,
          uniq_sigmund
D:4:      layout_cave_pools, gammafunk_temple_overflow_claw, first_ration,
          corner_web_ring, grunt_ministairs_15, guppyfry_early_lair_pool,
          uniq_blork_the_orc
D:5:      layout_rooms, lemuel_zombie_altar_yredelemnul, gammafunk_ghost_icy,
          st_stairs_11
D:6:      layout_loops_ring, minmay_temple_entry_offerings
D:7:      layout_rooms, dancing_weapons_uskayaw, grunt_livestock,
          uniq_crazy_yiuf_cottage
D:8:      layout_cave_pods, nicolae_ossuary_entry_monument, uniq_prince_ribbit1,
          uniq_pikel, uniq_grum
D:9:      layout_long_grid, dpeg_lair_monsters, grunt_ministairs_2

Table legend:
 A = Turns spent in this place as a percentage of turns spent in the entire game.
 B = Non-inter-level travel turns spent in this place as a percentage of non-inter-level travel turns spent in the entire game.
 C = Inter-level travel turns spent in this place as a percentage of turns spent in this place.
 D = Turns resting spent in this place as a percentage of non-inter-level travel turns spent in this place.
 E = Turns spent auto-exploring this place as a percentage of non-inter-level travel turns spent in this place.
 F = Non-inter-level travel turns spent in this place divided by the number of levels of this place that you've seen.
                   A       B       C       D       E      F
               +-------+-------+-------+-------+-------+----------------------
         Total | 100.0 | 100.0 |   4.3 |  26.4 |  47.1 | 852.7
       Dungeon |  96.5 |  96.4 |   4.5 |  25.2 |  48.5 | 913.1
       Ossuary |   3.5 |   3.6 |   0.0 |  58.6 |  11.0 | 309.0
               +-------+-------+-------+-------+-------+----------------------

Table legend:
 A = Kills in this place as a percentage of kills in entire the game.
 B = Kills by you in this place as a percentage of kills by you in the entire game.
 C = Kills by friends in this place as a percentage of kills by friends in the entire game.
 D = Other kills in this place as a percentage of other kills in the entire game.
 E = Experience gained in this place as a percentage of experience gained in the entire game.
 F = Experience gained in this place divided by the number of levels of this place that you have seen.
                   A       B       C       D       E      F
               +-------+-------+-------+-------+-------+----------------------
         Total | 100.0 | 100.0 |   N/A |   N/A | 100.0 | 1188.2
       Dungeon |  93.2 |  93.2 |   N/A |   N/A |  97.1 | 1282.3
       Ossuary |   6.8 |   6.8 |   N/A |   N/A |   2.9 | 341.0
               +-------+-------+-------+-------+-------+----------------------
